 Dungeon Crawl Stone Soup version 0.19.3-1-g3169bf9 (webtiles) character file.

214 TryAgain the Chiller (level 5, -6/36 HPs)
             Began as a Demonspawn Ice Elementalist on Jan 26, 2017.
             Killed by divine providence
             ... invoked by an orc priest
              (11 damage)
             ... on level 3 of the Dungeon.
             The game lasted 00:13:39 (3089 turns).

TryAgain the Chiller (Demonspawn Ice Elementalist)  Turns: 3089, Time: 00:13:39

Health: -6/36      AC:  5    Str:  9    XL:     5   Next: 59%
Magic:  5/10       EV: 12    Int: 17    God:
Gold:   123        SH:  0    Dex: 13    Spells: 4 memorised, 0 levels left

rFire  + . .     SeeInvis .     n - +0 trident
rCold  x . .     Gourm    +     l - +0 leather armour
rNeg   . . .     Faith    .     (no shield)
rPois  .         Spirit   .     (no helmet)
rElec  .         Reflect  .     h - +0 cloak
rCorr  .         Harm     .     (no gloves)
MR     .....                    (no boots)
Stlth  ++........               p - amulet of the gourmand
                                (no ring)
                                z - ring of fire

@: no status effects
A: talons 1, rugged brown scales 1, demonic guardian 1
a: no special abilities


You were on level 3 of the Dungeon.
You were full.

You visited 1 branch of the dungeon, and saw 4 of its levels.

You collected 123 gold pieces.

Inventory:

Hand Weapons
 g - a +3 short sword
 n - a +0 trident (weapon)
 x - a +4 quarterstaff
 B - a +0 war axe
Armour
 h - a +0 cloak (worn)
 l - a +0 leather armour (worn)
 m - a +0 buckler
 o - a cursed +0 ring mail
Jewellery
 p - an amulet of the gourmand (around neck)
 z - a ring of fire (left hand)
Scrolls
 d - 3 scrolls of fog {unknown}
 e - a scroll of enchant weapon {unknown}
 f - a scroll of enchant armour {unknown}
 i - 3 scrolls of blinking {unknown}
 k - 2 scrolls of teleportation {unknown}
 t - a scroll of noise {unknown}
 w - a scroll of random uselessness {unknown}
 y - a scroll of identify {unknown}
 A - a scroll of magic mapping {unknown}
Potions
 a - 4 potions of curing {unknown}
 j - a potion of might {unknown}
 r - a potion of resistance {unknown}
 s - a potion of haste {unknown}
 u - 2 potions of lignification {unknown}
 v - a potion of mutation {unknown}
Books
 b - a book of Frost

   Spells                             Type                      Level
   a - Freeze                         Ice                          1
   b - Throw Frost                    Conjuration/Ice              2
   c - Ozocubu's Armour               Charms/Ice                   3
   d - Throw Icicle                   Conjuration/Ice              4
   e - Summon Ice Beast               Ice/Summoning                4
Comestibles
 c - 2 bread rations
 q - 10 fruits


   Skills:
 + Level 3.2 Dodging
 - Level 2.0 Stealth
 + Level 3.4 Spellcasting
 - Level 1.0 Conjurations
 + Level 0.0 Charms
 + Level 0.0 Summonings
 + Level 4.0 Ice Magic


You couldn't memorise any spells.
You knew the following spells:

 Your Spells              Type           Power        Failure   Level  Hunger
a - Freeze                Ice            ###.         6%          1    None
b - Ozocubu's Armour      Chrm/Ice       #.......     34%         3    ###....
c - Summon Ice Beast      Ice/Summ       #.......     93%         4    ####...
d - Throw Frost           Conj/Ice       ##....       14%         2    ##.....


Dungeon Overview and Level Annotations

Branches:
Dungeon (4/15)
 Temple: D:4-7

Altars:
Cheibriados
Fedhas
Sif Muna
Yredelemnul

Annotations:
D:4 Vojta's ghost, amateur SpAM


Innate Abilities, Weirdness & Mutations

You have sharp toenails.
You are partially covered in rugged brown scales. (AC +1, +3% HP)
A weak demonic guardian rushes to your aid.


Message History

Casting: Freeze
Confirm with . or Enter, or press ? or * to list all spells.
Aiming: Freeze
Press: ? - help, Shift-Dir - straight line, f - orc priest
Aim: an orc priest, wielding a short sword (heavily wounded)
You freeze the orc priest.
The orc priest is heavily wounded.
The orc priest calls down the wrath of Beogh upon you.
Beogh smites you!
* * * LOW HITPOINT WARNING * * *
Casting: Freeze
Confirm with . or Enter, or press ? or * to list all spells.
Aiming: Freeze
Press: ? - help, Shift-Dir - straight line, f/p - orc priest
Aim: an orc priest, wielding a short sword (heavily wounded)
You freeze the orc priest.
The orc priest is almost dead.
The orc priest invokes the aid of Beogh against you.
Beogh smites you!
You die...

.#..#.#.#.......<......#
..............#.###.#..#
##..#.#.##......###.#..#
#......###.#.......#..#
#....### #.#..######..#
####..# #.#..........#
####..#####.##.######.##
##............(######.#
##.#.#####..รท..o@.....#
##.#........###########
##.########.#
##.########.#
............#
##.########## #.# #.#
#.#


You could see an orc priest.

Vanquished Creatures
  An orc priest (D:3)
  Ijyb (D:3)
  A hound skeleton (D:3)
  7 adders
  An ooze (D:1)
  3 worms (D:2)
  A dart slug (D:1)
  6 orcs
  3 giant cockroaches
  4 goblins
  8 hobgoblins
  9 jackals
  7 kobolds
  4 bats
  2 frilled lizards
  8 rats
66 creatures vanquished.

Notes
Turn   | Place    | Note
-------+----------+-------------------------------------------
     0 | D:1      | TryAgain the Demonspawn Ice Elementalist began the quest for the Orb.
     0 | D:1      | Reached XP level 1. HP: 13/13 MP: 3/3
   203 | D:1      | Gained mutation: You are partially covered in rugged brown scales. (AC +1, +3% HP) [demonic ancestry]
   203 | D:1      | Reached XP level 2. HP: 6/19 MP: 0/5
   434 | D:1      | Reached skill level 3 in Ice Magic
   829 | D:1      | Reached XP level 3. HP: 24/24 MP: 4/6
  1141 | D:2      | Found a basalt altar of Yredelemnul.
  1337 | D:2      | Gained mutation: You have sharp toenails. [demonic ancestry]
  1337 | D:2      | Reached XP level 4. HP: 28/30 MP: 1/7
  1449 | D:2      | Found a snail-covered altar of Cheibriados.
  1758 | D:2      | Found a deep blue altar of Sif Muna.
  2131 | D:3      | Found a blossoming altar of Fedhas.
  2132 | D:3      | Noticed Ijyb
  2143 | D:3      | Killed Ijyb
  2143 | D:3      | Gained mutation: A weak demonic guardian rushes to your aid. [demonic ancestry]
  2143 | D:3      | Reached XP level 5. HP: 35/36 MP: 3/9
  2367 | D:3      | Reached skill level 4 in Ice Magic
  2657 | D:3      | Learned a level 3 spell: Ozocubu's Armour
  2662 | D:3      | Learned a level 4 spell: Summon Ice Beast
  2665 | D:3      | Learned a level 2 spell: Throw Frost
  2697 | D:4      | Noticed Vojta's ghost (amateur SpAM)
  3089 | D:3      | Killed from afar by an orc priest

Skill      XL: |  1  2  3  4  5 |
---------------+----------------+-----
Stealth        | 2 |  2.0
Dodging        | 2 3 |  3.2
Ice Magic      | 3 4 |  4.0
Spellcasting   | 3 |  3.4
Conjurations   | |  1.0

Action                   |  1- 3 |  4- 6 || total
-------------------------+-------+-------++-------
Melee: Club              |    14 |       ||    14
       Hand axe          |     6 |    38 ||    44
       Kick              |       |     8 ||     8
       War axe           |       |     3 ||     3
 Cast: Freeze            |    47 |    65 ||   112
 Stab: Sleeping          |     2 |       ||     2
  Eat: Chunk             |     3 |    10 ||    13
Armor: Robe              |     9 |       ||     9
       Leather armour    |     8 |    36 ||    44
Dodge: Dodged            |    30 |    66 ||    96
